SAAA
PORT HURON BLITZKRIEG @ TORTOLITA DRUMMERS
09/03/2042
 
TOP OF THE 1ST
Port Huron Blitzkrieg batting - Pitching for Tortolita Drummers : RHP Cisco Pérez
Pitching: RHP Cisco Pérez
Batting: RHB Ricardo Mireles 0-0: Fly out, F9 (Flyball, 89S, EV 90.6 MPH)
Batting: RHB Jeff Reed 0-0: Ball
1-0: Called Strike
1-1: Foul Ball, location: 2F
1-2: Foul Ball, location: 2F
1-2: Strikes out swinging
Batting: LHB Mario Ramos 0-0: Ball
1-0: Called Strike
1-1: Foul Ball, location: 2F
1-2: Strikes out looking
Top of the 1st over - 0 runs, 0 hits, 0 errors, 0 left on base; Port Huron 0 - Tortolita 0
BOTTOM OF THE 1ST
Tortolita Drummers batting - Pitching for Port Huron Blitzkrieg : RHP Arlen Chesnutt
Pitching: RHP Arlen Chesnutt
Batting: RHB Alberto Ramírez 0-0: Ball
1-0: Foul Ball, location: 2F
1-1: Called Strike
1-2: Foul Ball, location: 2F
1-2: SINGLE (Groundball, 6D, EV 97.5 MPH)
Batting: RHB Jesús Torres 0-0: Called Strike
0-1: Called Strike
0-2: Ball
1-2: Foul Ball, location: 2F
1-2: Strikes out looking
Alberto Ramírez steals 2nd base (no throw)
Batter strikes out.
Batting: LHB Carlos Leyva 0-0: Ball
1-0: Ball
2-0: Ball
3-0: Base on Balls
Batting: LHB Rick Crockett 0-0: Ball
1-0: Ball
2-0: Ball
Passed Ball!
Alberto Ramírez to third
Carlos Leyva to second
3-0: Base on Balls
Batting: RHB Omer Yurtseven 0-0: Called Strike
0-1: Ball
1-1: DOUBLE (Groundball, 5L, EV 105.6 MPH)
Alberto Ramírez scores
Carlos Leyva scores
Rick Crockett to third
Runner from 3rd tries for Home, SAFE, throw by LF to trailing runner, OUT at third! 7-6-5
Batting: RHB Ken Moore 0-0: Ball
1-0: Called Strike
1-1: Ball
2-1: Foul Ball, location: 2F
2-2: Foul Ball, location: 2F
2-2: Foul Ball, location: 2F
2-2: Ball
3-2: Ground out 5-3 (Groundball, 56S, EV 93.1 MPH)
Bottom of the 1st over - 3 runs, 2 hits, 0 errors, 0 left on base; Port Huron 0 - Tortolita 3
TOP OF THE 2ND
Port Huron Blitzkrieg batting - Pitching for Tortolita Drummers : RHP Cisco Pérez
Batting: SHB Ben Boston 0-0: Ball
1-0: Swinging Strike
1-1: Foul Ball, location: 2F
1-2: Strikes out swinging
Batting: RHB John Willoughby 0-0: SOLO HOME RUN (Flyball, 89XD, EV 95.0 MPH), Distance : 417 ft
Batting: LHB Dave Watts 0-0: SINGLE (Groundball, 3D, EV 94.4 MPH)
Batting: RHB D'Artagnan Rasberry 0-0: Swinging Strike
0-1: Foul Ball, location: 2F
0-2: Ball
1-2: Fielders Choice at 2nd, 5-4 (Groundball, 5, EV 97.5 MPH)
Batting: RHB Jesús Amengual 0-0: Called Strike
0-1: Ball
1-1: Ball
2-1: Foul Ball, location: 2F
2-2: Foul Ball, location: 2F
2-2: Ball
3-2: SINGLE (Groundball, 56D, EV 97.5 MPH)
D'Artagnan Rasberry to second
D'Artagnan Rasberry to third
Batting: RHB John Ryan 0-0: Foul Ball, location: 2F
0-1: Ball
1-1: Ball
2-1: Called Strike
2-2: Ball
3-2: Ground out 6-3 (Groundball, 6M, EV 79.4 MPH)
Top of the 2nd over - 1 run, 3 hits, 0 errors, 2 left on base; Port Huron 1 - Tortolita 3
BOTTOM OF THE 2ND
Tortolita Drummers batting - Pitching for Port Huron Blitzkrieg : RHP Arlen Chesnutt
Batting: SHB Fernando Rincón 0-0: Foul Ball, location: 2F
0-1: Ground out U3 (Groundball, 3, EV 85.6 MPH)
Batting: RHB Tso-i Wang 0-0: Swinging Strike
0-1: Called Strike
0-2: Foul Ball, location: 2F
0-2: Strikes out looking
Batting: RHB Graeme Dormer 0-0: Called Strike
0-1: Ball
1-1: Swinging Strike
1-2: Ball
2-2: Strikes out swinging
Bottom of the 2nd over - 0 runs, 0 hits, 0 errors, 0 left on base; Port Huron 1 - Tortolita 3
TOP OF THE 3RD
Port Huron Blitzkrieg batting - Pitching for Tortolita Drummers : RHP Cisco Pérez
Batting: RHB Ricardo Mireles 0-0: Ball
1-0: Foul Ball, location: 2F
1-1: Ball
2-1: Foul Ball, location: 2F
2-2: Foul Ball, location: 2F
2-2: Foul Ball, location: 2F
2-2: SINGLE (Groundball, 6S, EV 71.2 MPH) (infield hit)
Batting: RHB Jeff Reed 0-0: Called Strike
0-1: Foul Ball, location: 2F
0-2: Ball
1-2: Foul Ball, location: 2F
1-2: Ball
2-2: Fly out, F3 (Line Drive, 3, EV 69.4 MPH)
Batting: LHB Mario Ramos 0-0: Called Strike
0-1: Ball
1-1: Ball
2-1: Ball
3-1: Swinging Strike
3-2: 2-RUN HOME RUN (Flyball, 89XD, EV 94.4 MPH), Distance : 411 ft
Batting: SHB Ben Boston 0-0: Ball
1-0: Swinging Strike
1-1: Ball
2-1: Called Strike
2-2: Ball
3-2: Strikes out swinging
Batting: RHB John Willoughby 0-0: Fly out, F9 (Flyball, 9LMF, EV 90.0 MPH)
Top of the 3rd over - 2 runs, 2 hits, 0 errors, 0 left on base; Port Huron 3 - Tortolita 3
BOTTOM OF THE 3RD
Tortolita Drummers batting - Pitching for Port Huron Blitzkrieg : RHP Arlen Chesnutt
Batting: RHB Alberto Ramírez 0-0: Ball
1-0: Ground out 6-3 (Groundball, 6, EV 81.9 MPH)
Batting: RHB Jesús Torres 0-0: Swinging Strike
0-1: Fly out, F5 (Popup, 56S, EV 76.2 MPH)
Batting: LHB Carlos Leyva 0-0: Ball
1-0: Foul Ball, location: 2F
1-1: Foul Ball, location: 2F
1-2: Ball
2-2: Ground out 4-3 (Groundball, 4, EV 88.1 MPH)
Bottom of the 3rd over - 0 runs, 0 hits, 0 errors, 0 left on base; Port Huron 3 - Tortolita 3
TOP OF THE 4TH
Port Huron Blitzkrieg batting - Pitching for Tortolita Drummers : RHP Cisco Pérez
Batting: LHB Dave Watts 0-0: Ball
1-0: Ball
2-0: Ground out 4-3 (Groundball, 4, EV 85.6 MPH)
Batting: RHB D'Artagnan Rasberry 0-0: Fly out, F2 (Popup, 23F, EV 88.8 MPH)
Batting: RHB Jesús Amengual 0-0: Ball
1-0: SINGLE (Groundball, 6MS, EV 88.8 MPH) (infield hit)
Batting: RHB John Ryan 0-0: SINGLE (Line Drive, 89S, EV 103.8 MPH)
Jesús Amengual to second
Batting: RHB Ricardo Mireles 0-0: Called Strike
0-1: Ball
1-1: Called Strike
1-2: Ball
2-2: DOUBLE (Line Drive, 7LM, EV 103.1 MPH)
Jesús Amengual scores
John Ryan to third
Batting: RHB Jeff Reed 0-0: Ball
Wild Pitch!
John Ryan scores
Ricardo Mireles to third
1-0: Ball
2-0: Ball
3-0: Fly out, F3 (Popup, 3F, EV 77.5 MPH)
Top of the 4th over - 2 runs, 3 hits, 0 errors, 1 left on base; Port Huron 5 - Tortolita 3
BOTTOM OF THE 4TH
Tortolita Drummers batting - Pitching for Port Huron Blitzkrieg : RHP Arlen Chesnutt
Batting: LHB Rick Crockett 0-0: Ball
1-0: Ball
2-0: Ground out 4-3 (Groundball, 4, EV 81.2 MPH)
Batting: RHB Omer Yurtseven 0-0: Ball
1-0: Called Strike
1-1: SINGLE (Groundball, 56D, EV 93.8 MPH)
Batting: RHB Ken Moore 0-0: Foul Ball, location: 2F
0-1: Ball
1-1: Swinging Strike
1-2: Foul Ball, location: 2F
1-2: Strikes out swinging
Batting: SHB Fernando Rincón 0-0: Ball
1-0: SINGLE (Groundball, 34D, EV 102.5 MPH)
Omer Yurtseven to second
Runner from 2nd tries for 3rd, SAFE, throw by RF made to third
Batting: RHB Tso-i Wang 0-0: Called Strike
0-1: Ball
1-1: Called Strike
1-2: Ball
2-2: Foul Ball, location: 2F
2-2: Fly out, F9 (Flyball, 89S, EV 96.9 MPH)
Bottom of the 4th over - 0 runs, 2 hits, 0 errors, 2 left on base; Port Huron 5 - Tortolita 3
TOP OF THE 5TH
Port Huron Blitzkrieg batting - Pitching for Tortolita Drummers : RHP Cisco Pérez
Batting: LHB Mario Ramos 0-0: Ground out U3 (Groundball, 3, EV 105.0 MPH)
Batting: SHB Ben Boston 0-0: Ball
1-0: Ball
2-0: Ball
3-0: Base on Balls
Batting: RHB John Willoughby 0-0: Called Strike
0-1: Ball
1-1: Ball
2-1: Ball
3-1: Fly out, F8 (Line Drive, 8LD, EV 93.1 MPH)
Batting: LHB Dave Watts 0-0: Foul Ball, location: 2F
0-1: Foul Ball, location: 2F
0-2: Ball
1-2: Fly out, F7 (Flyball, 7D, EV 108.1 MPH)
Top of the 5th over - 0 runs, 0 hits, 0 errors, 1 left on base; Port Huron 5 - Tortolita 3
BOTTOM OF THE 5TH
Tortolita Drummers batting - Pitching for Port Huron Blitzkrieg : RHP Arlen Chesnutt
Batting: RHB Graeme Dormer 0-0: Called Strike
0-1: Called Strike
0-2: Foul Ball, location: 2F
0-2: Ball
1-2: Ball
2-2: Foul Ball, location: 2F
2-2: Foul Ball, location: 2F
2-2: SINGLE (Groundball, 6MD, EV 95.0 MPH)
Batting: RHB Alberto Ramírez 0-0: Ball
1-0: Fielders Choice at 2nd, 4-6 (Groundball, 4MD, EV 104.4 MPH)
Batting: RHB Jesús Torres 0-0: Ball
1-0: Fielders Choice at 2nd, 6-4 (Groundball, 56, EV 86.9 MPH)
Batting: LHB Carlos Leyva 0-0: Ball
1-0: Swinging Strike
1-1: Called Strike
1-2: Ball
2-2: Ball
3-2: Fly out, F9 (Line Drive, 9, EV 92.5 MPH)
Bottom of the 5th over - 0 runs, 1 hit, 0 errors, 1 left on base; Port Huron 5 - Tortolita 3
TOP OF THE 6TH
Port Huron Blitzkrieg batting - Pitching for Tortolita Drummers : RHP Cisco Pérez
Pitching: LHP Nobuhito Tanaka
Batting: RHB D'Artagnan Rasberry 0-0: Called Strike
0-1: Called Strike
0-2: Foul Ball, location: 2F
0-2: Foul Ball, location: 2F
0-2: SINGLE (Groundball, 56D, EV 102.5 MPH)
Batting: RHB Jesús Amengual 0-0: Ball
1-0: Ball
2-0: Sac Bunt to 3S - play at first, batter OUT! 3-4
D'Artagnan Rasberry to second
Batting: RHB John Ryan 0-0: Ball
1-0: Ball
2-0: Ball
3-0: Called Strike
3-1: Called Strike
3-2: Foul Ball, location: 2F
3-2: Base on Balls
Batting: RHB Ricardo Mireles 0-0: Ball
1-0: Ground out 6-3 (Groundball, 6S, EV 65.6 MPH)
D'Artagnan Rasberry to third
John Ryan to second
Batting: RHB Jeff Reed 0-0: Foul Ball, location: 2F
0-1: Ball
1-1: Ball
2-1: Fly out, F9 (Flyball, 9LDF, EV 81.9 MPH)
Top of the 6th over - 0 runs, 1 hit, 0 errors, 2 left on base; Port Huron 5 - Tortolita 3
BOTTOM OF THE 6TH
Tortolita Drummers batting - Pitching for Port Huron Blitzkrieg : RHP Arlen Chesnutt
Batting: LHB Rick Crockett 0-0: Ball
1-0: Swinging Strike
1-1: SINGLE (Groundball, 34D, EV 96.9 MPH)
Batting: RHB Omer Yurtseven 0-0: Ball
1-0: Called Strike
1-1: Foul Ball, location: 2F
1-2: Foul Ball, location: 2F
1-2: Grounds into double play, 1-4-3 (Groundball, P, EV 67.5 MPH)
Batting: RHB Ken Moore 0-0: Called Strike
0-1: Fly out, F8 (Flyball, 8LXD, EV 90.0 MPH)
Bottom of the 6th over - 0 runs, 1 hit, 0 errors, 0 left on base; Port Huron 5 - Tortolita 3
TOP OF THE 7TH
Port Huron Blitzkrieg batting - Pitching for Tortolita Drummers : LHP Nobuhito Tanaka
Batting: LHB Mario Ramos 0-0: Foul Ball, location: 2F
0-1: Ball
1-1: Foul Ball, location: 2F
1-2: Ball
2-2: SINGLE (Groundball, 4MD, EV 95.0 MPH)
Batting: SHB Ben Boston 0-0: Ball
Wild Pitch!
Mario Ramos to second
1-0: Called Strike
1-1: Ball
2-1: Ball
3-1: Base on Balls
Batting: RHB John Willoughby 0-0: Ball
1-0: Called Strike
1-1: Swinging Strike
1-2: Ball
2-2: Ball
3-2: Fly out, F8 (Flyball, 8LS, EV 91.2 MPH)
Batting: LHB Dave Watts 0-0: Swinging Strike
0-1: Ball
1-1: Ball
2-1: Foul Ball, location: 2F
2-2: Ball
3-2: Base on Balls
Mario Ramos to third
Ben Boston to second
Pitching: LHP Jerry Hamm
Batting: RHB D'Artagnan Rasberry 0-0: Called Strike
0-1: Ball
1-1: SINGLE (Line Drive, 89S, EV 95.0 MPH)
Mario Ramos scores
Ben Boston to third
Dave Watts to second
Runner from 3rd tries for Home, SAFE, throw by RF to home
Batting: RHB Jesús Amengual 0-0: Swinging Strike
0-1: Swinging Strike
0-2: Strikes out swinging
Batting: RHB John Ryan 0-0: Ball
1-0: Swinging Strike
1-1: Fly out, F5 (Popup, 56S, EV 83.1 MPH)
Top of the 7th over - 2 runs, 2 hits, 0 errors, 2 left on base; Port Huron 7 - Tortolita 3
BOTTOM OF THE 7TH
Tortolita Drummers batting - Pitching for Port Huron Blitzkrieg : RHP Arlen Chesnutt
Batting: SHB Fernando Rincón 0-0: Swinging Strike
0-1: Ball
1-1: SINGLE (Groundball, 6D, EV 97.5 MPH)
Pitching: LHP Roberto Muñóz
Batting: RHB Tso-i Wang 0-0: Called Strike
0-1: Ball
1-1: Ball
Wild Pitch!
Fernando Rincón to second
2-1: Ground out 6-3 (Groundball, 6M, EV 86.9 MPH)
Fernando Rincón to third
Batting: RHB Graeme Dormer 0-0: Ball
1-0: Ball
2-0: Called Strike
2-1: Ball
3-1: Foul Ball, location: 2F
3-2: Foul Ball, location: 2F
3-2: Strikes out swinging
Batting: RHB Alberto Ramírez 0-0: Foul Ball, location: 2F
0-1: Foul Ball, location: 2F
0-2: Ball
Wild Pitch!
Fernando Rincón scores
1-2: Strikes out swinging
Bottom of the 7th over - 1 run, 1 hit, 0 errors, 0 left on base; Port Huron 7 - Tortolita 4
TOP OF THE 8TH
Port Huron Blitzkrieg batting - Pitching for Tortolita Drummers : LHP Jerry Hamm
Batting: RHB Ricardo Mireles 0-0: Ball
1-0: Swinging Strike
1-1: Ball
2-1: Ball
3-1: Foul Ball, location: 2F
3-2: Strikes out swinging
Batting: RHB Jeff Reed 0-0: Ball
1-0: Fly out, F9 (Flyball, 89S, EV 90.6 MPH)
Batting: LHB Mario Ramos 0-0: Ball
1-0: Ball
2-0: Ball
3-0: Called Strike
3-1: Called Strike
3-2: Fly out, F8 (Line Drive, 8RD, EV 91.9 MPH)
Top of the 8th over - 0 runs, 0 hits, 0 errors, 0 left on base; Port Huron 7 - Tortolita 4
BOTTOM OF THE 8TH
Tortolita Drummers batting - Pitching for Port Huron Blitzkrieg : LHP Roberto Muñóz
Batting: RHB Jesús Torres 0-0: Ball
1-0: Foul Ball, location: 2F
1-1: Ball
2-1: Fly out, F9 (Line Drive, 9LS, EV 98.1 MPH)
Batting: LHB Carlos Leyva 0-0: Ball
1-0: Ball
2-0: Called Strike
2-1: Fly out, F9 (Flyball, 9LS, EV 83.8 MPH)
Batting: LHB Rick Crockett 0-0: Foul Ball, location: 2F
0-1: Foul Ball, location: 2F
0-2: Ball
1-2: Ball
2-2: Ball
3-2: DOUBLE (Line Drive, 89D, EV 104.4 MPH)
Batting: RHB Omer Yurtseven 0-0: Ball
1-0: Called Strike
1-1: Ground out 5-3 (Groundball, 56, EV 91.2 MPH)
Bottom of the 8th over - 0 runs, 1 hit, 0 errors, 1 left on base; Port Huron 7 - Tortolita 4
TOP OF THE 9TH
Port Huron Blitzkrieg batting - Pitching for Tortolita Drummers : LHP Jerry Hamm
Batting: SHB Ben Boston 0-0: Ball
1-0: Ball
2-0: Foul Ball, location: 2F
2-1: Foul Ball, location: 2F
2-2: SINGLE (Line Drive, 7S, EV 103.8 MPH)
Batting: RHB John Willoughby 0-0: SINGLE (Line Drive, 8LS, EV 111.9 MPH)
Ben Boston to second
Batting: LHB Dave Watts 0-0: Called Strike
0-1: 3-RUN HOME RUN (Flyball, 9D, EV 98.1 MPH), Distance : 381 ft
Batting: RHB D'Artagnan Rasberry 0-0: Swinging Strike
0-1: Ball
1-1: Ball
2-1: Fly out, F7 (Flyball, 7, EV 81.9 MPH)
Batting: RHB Jesús Amengual 0-0: Called Strike
0-1: Swinging Strike
0-2: Ball
1-2: SINGLE (Line Drive, 9S, EV 107.5 MPH)
Batting: RHB John Ryan 0-0: Swinging Strike
0-1: Ball
1-1: Fly out, F8 (Flyball, 8LM, EV 90.6 MPH)
Batting: RHB Ricardo Mireles 0-0: Called Strike
0-1: Foul Ball, location: 2F
0-2: Ball
1-2: Ball
2-2: Ground out U3 (Groundball, 3L, EV 103.8 MPH)
Top of the 9th over - 3 runs, 4 hits, 0 errors, 1 left on base; Port Huron 10 - Tortolita 4
BOTTOM OF THE 9TH
Tortolita Drummers batting - Pitching for Port Huron Blitzkrieg : LHP Roberto Muñóz
Batting: RHB Ken Moore 0-0: Called Strike
0-1: Ball
1-1: Ball
2-1: Ball
3-1: Swinging Strike
3-2: Base on Balls
Batting: SHB Fernando Rincón 0-0: Ball
1-0: Fly out, F6 (Line Drive, 6, EV 68.8 MPH)
Batting: RHB Tso-i Wang 0-0: Ball
1-0: Foul Ball, location: 2F
1-1: Ball
2-1: Ball
3-1: Base on Balls
Ken Moore to second
Batting: RHB Graeme Dormer 0-0: Ball
Wild Pitch!
Ken Moore to third
Tso-i Wang to second
1-0: Ball
2-0: DOUBLE (Flyball, 89D, EV 102.5 MPH)
Ken Moore scores
Tso-i Wang scores
Batting: RHB Alberto Ramírez 0-0: Ball
1-0: Called Strike
1-1: Foul Ball, location: 2F
1-2: Foul Ball, location: 2F
1-2: Foul Ball, location: 2F
1-2: Strikes out swinging
Batting: RHB Jesús Torres 0-0: Ball
1-0: Called Strike
1-1: Called Strike
1-2: Ground out 5-3 (Groundball, 5, EV 87.5 MPH)
Bottom of the 9th over - 2 runs, 1 hit, 0 errors, 1 left on base; Port Huron 10 - Tortolita 6
Friday, March 26th, 2021 - OOTP Baseball 20.8 Build 74